 Dungeon Crawl Stone Soup version 0.26.1-11-gd32895ea62 (webtiles) character file.

Game seed: 17428213615765920426

80 vvl the Ruffian (level 4, -2/36 HPs)
             Began as a Draconian Transmuter on July 7, 2021.
             Slain by Grinder the hellwing (7 damage)
             ... on level 4 of the Dungeon.
             The game lasted 00:05:40 (2774 turns).

vvl the Ruffian (Draconian Transmuter)              Turns: 2774, Time: 00:05:41

Health: -2/36      AC:  5    Str: 12 (13) XL:     4   Next: 18%
Magic:  0/7        EV: 12    Int: 12 (14) God:
Gold:   242        SH:  0    Dex:  8 (11) Spells: 6/7 levels left

rFire    + . .     SeeInvis .     - Unarmed
rCold    x . .     Faith    .   (no shield)
rNeg     . . .     Spirit   +   (armour unavailable)
rPois    .         Reflect  .   (helmet restricted)
rElec    .         Harm     .   (no cloak)
rCorr    .         Rampage  .   (no gloves)
Will     .....                  (no boots)
Stlth    +.........             a - amulet of guardian spirit
HPRegen  0.12/turn              c - ring of flight
MPRegen  0.10/turn              d - ring of fire

@: mighty
A: unfitting armour, cold-blooded, AC +5
a: Evoke Flight


You were on level 4 of the Dungeon.
You visited 1 branch of the dungeon, and saw 4 of its levels.

You collected 242 gold pieces.

Inventory:

Armour
 m - a +0 kite shield
Jewellery
 a - an amulet of guardian spirit (around neck)
 c - a ring of flight (left hand)
 d - a ring of fire (right hand)
 f - an uncursed ring of willpower {unknown}
 g - an uncursed ring of fire
Wands
 p - a wand of polymorph (18)
Scrolls
 i - 2 scrolls of identify
 j - 2 scrolls of remove curse
 k - a scroll of blinking {unknown}
 l - a scroll of amnesia {unknown}
 o - a scroll of teleportation {unknown}
 q - a scroll of fog {unknown}
Potions
 r - a potion of invisibility {unknown}


   Skills:
 + Level 1.8 Fighting
 - Level 2.0 Dodging
 * Level 3.8 Unarmed Combat
 + Level 2.3 Spellcasting
 * Level 3.0 Transmutations


You had 6 spell levels left.
You knew the following spells:

 Your Spells              Type           Power        Failure   Level
a - Beastly Appendage     Tmut           16%          8%          1

Your spell library contained the following spells:

 Spells                   Type           Power        Failure   Level
 Wereblood                Tmut           8%           12%         2
 Spider Form              Tmut/Pois      2%           38%         3
 Ice Form                 Ice/Tmut       5%           80%         4
 Blade Hands              Tmut           4%           91%         5


Dungeon Overview and Level Annotations

Branches:
Dungeon (4/15)
 Temple: D:4-7

Altars:

Annotations:
D:4 Grinder


Innate Abilities, Weirdness & Mutations

Your plain brown scales are hard. (AC +5)
You cannot fit into any form of body armour.
You are cold-blooded and may be slowed by cold attacks.


Message History

The jackal bites you but does no damage.
Found a stone staircase leading down.
The jackal closely misses you. The jackal barely misses you.
The jackal bites you but does no damage.
The jackal bites you.
The jackal bites you but does no damage.
Grinder swoops through the air toward you!
Grinder hits you! Grinder hits you.
You barely miss Grinder. The jackal bites you. Grinder barely misses you.
Grinder hits you.
* * * LOW HITPOINT WARNING * * *
It was a potion of might.
You feel very mighty all of a sudden. Grinder hits you but does no damage.
Grinder hits you.
* * * LOW HITPOINT WARNING * * *
As you read the scroll labelled HAUTU HAROS, it crumbles to dust.
It is a scroll of identify.
j - 2 scrolls of remove curse The jackal barely misses you.
Grinder hits you!
You die...

......#.#......
#....#..(.....
#............
#....#....#
#....<....#
#.........###
#.$....<....#
#.......#.#####
..........hh@4>#
.##.#####.#.#####
... ..../.. ##
#########


You could see Grinder the hellwing and 2 jackals.

Vanquished Creatures
  2 adders
  A worm (D:2)
  A dart slug (D:1)
  A leopard gecko (D:3)
  2 orcs (D:3)
  4 giant cockroaches
  6 goblins
  6 hobgoblins
  2 jackals (D:2)
  8 kobolds
  11 bats
  2 frilled lizards
  4 rats
50 creatures vanquished.

Notes
Turn   | Place    | Note
-------+----------+-------------------------------------------
     0 | D:1      | vvl the Draconian Transmuter began the quest for the Orb.
     0 | D:1      | Reached XP level 1. HP: 16/16 MP: 3/3
   132 | D:1      | Reached XP level 2. HP: 23/23 MP: 5/5
   964 | D:2      | Reached XP level 3. HP: 28/28 MP: 6/6
  2339 | D:3      | Noticed Grinder
  2339 | D:3      | Paralysed by Grinder for 3 turns
  2342 | D:3      | Noticed Grinder
  2342 | D:3      | Grinder changed into Grinder the hellwing
  2519 | D:3      | Reached XP level 4. HP: 34/36 MP: 5/7
  2774 | D:4      | Slain by Grinder the hellwing

Illustrated notes

Levels and vault maps discovered:
D:1:      psy_arrival_whirlpool, layout_loops_cross, hangedman_feature_mirror,
          minmay_misc_feat_doors
D:2:      layout_loops_ring, fountainhead
D:3:      layout_basic, uniq_grinder
D:4:      layout_basic, minmay_misc_feat_cross

Skill      XL: |  1  2  3 |
---------------+----------+-----
Dodging        | 2 |  2.0
Transmutations | 3 |  3.0
Fighting       | |  1.8
Unarmed Combat | |  3.8
Spellcasting   | |  2.3

Action                   |  1- 3 |  4- 6 || total
-------------------------+-------+-------++-------
Melee: Unarmed           |   161 |    28 ||   189
       Tailslap          |    15 |     3 ||    18
       Kick              |     7 |     2 ||     9
       Headbutt          |     7 |     2 ||     9
 Cast: Beastly Appendage |     8 |     1 ||     9
Evoke: Wand              |     1 |       ||     1
  Use: Potion            |       |     4 ||     4
       Scroll            |       |     1 ||     1
 Stab: Sleeping          |     2 |       ||     2
Armor: Skin              |    50 |    19 ||    69
Dodge: Dodged            |    97 |    45 ||   142
